 Dungeon Crawl Stone Soup version 0.29-a0-802-g34511f41fd (webtiles) character file.

Game seed: 9186159756032173510

3596 gobodom the Reanimator (level 9, -4/61 HPs)
             Began as a Demonspawn Necromancer on July 4, 2022.
             Was a High Priest of Sif Muna.
             Killed by divine providence
             ... invoked by an orc priest
              (14 damage)
             ... on level 8 of the Dungeon.
             The game lasted 00:36:55 (9269 turns).

gobodom the Reanimator (Demonspawn Necromancer)     Turns: 9269, Time: 00:36:56

Health: -4/61      AC: 11    Str: 10    XL:     9   Next: 85%
Magic:  23/29      EV: 12    Int: 18    God:    Sif Muna [*****.]
Gold:   410        SH:  0    Dex: 14    Spells: 15/23 levels left

rFire   . . .      SeeInvis .   j - +0 short sword (venom)
rCold   . . .      Faith    .   (no shield)
rNeg    + . .      Spirit   .   n - +2 leather armour "Paocvuuv" {Will++}
rPois   +          Reflect  .   (helmet restricted)
rElec   .          Harm     .   t - +2 ratskin cloak {*Rats rPois rN+ Str-1 Int-1 Dex+1}
rCorr   .          Rampage  .   p - +1 pair of gloves
Will    ++...                   e - +0 pair of boots
Stlth   ++........              (no amulet)
HPRegen 0.20/turn               F - +4 ring of slaying
MPRegen 0.21/turn               A - ring of magical power

@: no status effects
A: horns 1, foul stench 1, spiny 2
a: Renounce Religion, Channel Magic, Forget Spell, Divine Exegesis


You were on level 8 of the Dungeon.
You worshipped Sif Muna.
Sif Muna was extremely pleased with you.
You visited 1 branch of the dungeon, and saw 8 of its levels.
You also visited: Ossuary.

You collected 410 gold pieces.

Inventory:

Hand Weapons
 j - a +0 short sword of venom (weapon)
 I - a +2 whip of freezing
Missiles
 l - 10 boomerangs
 r - 17 poisoned darts
 z - 6 curare-tipped darts
 E - 4 boomerangs of dispersal
 O - 3 javelins
Armour
 a - a +0 robe
 e - a +0 pair of boots (worn)
 n - the +2 leather armour "Paocvuuv" (worn) {Will++}
   (You found it on level 3 of the Dungeon)

   Will:      It greatly increases your willpower.
 p - a +1 pair of gloves (worn)
 q - a +0 cloak
 t - the +2 ratskin cloak (worn) {*Rats rPois rN+ Str-1 Int-1 Dex+1}
   (You found it on level 3 of the Dungeon)

   When the wearer is hurt, rats may emerge from it to assist them.
   Str:       It affects your strength (-1).
   Int:       It affects your intelligence (-1).
   Dex:       It affects your dexterity (+1).
   rPois:     It protects you from poison.
   rN:        It protects you from negative energy.
 y - a +2 kite shield
 J - a +0 troll leather armour
 N - a +0 leather armour of fire resistance
Jewellery
 f - a ring of positive energy
 x - a +6 ring of strength
 A - a ring of magical power (right hand)
 F - a +4 ring of slaying (left hand)
 M - a ring of see invisible
Scrolls
 c - a scroll of enchant armour
 d - a scroll of magic mapping
 i - 6 scrolls of teleportation
 o - 2 scrolls of blinking
 s - 2 scrolls of noise
 u - a scroll of fog
 B - a scroll of fear
 C - a scroll of poison
 K - a scroll of amnesia
Potions
 b - 2 potions of magic
 g - a potion of brilliance
 h - a potion of ambrosia
 k - 2 potions of lignification
 m - 5 potions of curing
 v - a potion of cancellation
 w - a potion of resistance
 D - 2 potions of might
 G - 2 potions of flight
 H - 2 potions of berserk rage
 L - a potion of invisibility
 P - a potion of attraction


   Skills:
 + Level 2.1 Fighting
 + Level 5.0 Short Blades
 + Level 3.1 Armour
 + Level 3.6 Dodging
 + Level 3.6 Stealth
 + Level 7.6 Spellcasting
 + Level 9.1 Necromancy
 + Level 3.0 Invocations


You had 15 spell levels left.
You knew the following spells:

 Your Spells              Type           Power      Damage    Failure   Level
a - Necrotise             Necr           100%       1d9       1%          1
b - Vampiric Draining     Necr           39%        2d8       1%          3
c - Animate Dead          Necr           39%        N/A       3%          4

Your spell library contained the following spells:

 Spells                   Type           Power      Damage    Failure   Level
 Sublimation of Blood     Necr           39%        N/A       1%          2
 Agony                    Necr           39%        N/A       9%          5
 Apportation              Tloc           12%        N/A       14%         1
 Blink                    Tloc           12%        N/A       21%         2
 Wereblood                Tmut           6%         N/A       21%         2
 Portal Projectile        Hex/Tloc       12%        N/A       38%         3
 Tukima's Dance           Hex            6%         N/A       38%         3
 Hailstorm                Conj/Ice       6%         3d4       80%         4
 Ice Form                 Ice/Tmut       6%         N/A       80%         4
 Simulacrum               Ice/Necr       11%        N/A       97%         6
 Alistair's Intoxication  Tmut/Pois      4%         N/A       98%         5
 Blade Hands              Tmut           3%         N/A       98%         5
 Manifold Assault         Tloc           6%         N/A       98%         5
 Storm Form               Tmut/Air       3%         N/A       100%        7
 Summon Hydra             Summ           3%         N/A       100%        7


Dungeon Overview and Level Annotations

Branches:
Dungeon (8/15)             Temple (0/1) D:6         Ossuary (visited)
   Lair: D:8-11

Altars:
Cheibriados
Sif Muna

Shops:
D:1 [   D:6 (


Innate Abilities, Weirdness & Mutations

You have a pair of small horns on your head.
You may rarely emit foul miasma when damaged in melee.
You are mostly covered in sharp spines.


Message History

The gnoll sergeant burns you.
The orc priest invokes the aid of Beogh against you.
Beogh smites you!
A hell rat scurries out from under your cloak.
The gnoll sergeant writhes in agony.
The gnoll sergeant hits you from afar with a +3 spear of flaming!
A hell rat scurries out from under your cloak.
The gnoll sergeant burns you.
You are too injured to fight recklessly!
You swap places.
The gnoll sergeant hits your hell rat with a +3 spear of flaming!
The gnoll sergeant burns your hell rat.
You swap places.
Your hell rat closely misses the gnoll sergeant.
The gnoll sergeant barely misses your hell rat.
Your hell rat closely misses the gnoll sergeant.
The gnoll sergeant barely misses your hell rat.
Your hell rat barely misses the gnoll sergeant.
The gnoll sergeant closely misses your hell rat.
Your hell rat barely misses the gnoll sergeant.
Your hell rat barely misses the gnoll sergeant.
The gnoll sergeant hits your hell rat with a +3 spear of flaming!
The gnoll sergeant burns your hell rat.
Your hell rat dies!
Your hell rat barely misses the gnoll sergeant.
The gnoll sergeant closely misses your hell rat.
The orc priest mumbles some strange prayers to Beogh against you.
Beogh smites you!
* * * LOW HITPOINT WARNING * * *
A river rat scurries out from under your cloak.
Your hell rat bites the gnoll sergeant!
The gnoll sergeant dies!
Sif Muna accepts your kill.
You hear the faint creaking of a portcullis nearby.
Your hell rat bites the gnoll.
Your hell rat drains the gnoll.
The orc priest looks satisfied for a moment.
Your hell rat bites the gnoll.
The orc priest mumbles some strange prayers to Beogh against you.
Beogh smites you!
You die...

*,,,,.....,,,**
*,,,,.....,,,*********** ####
*,,,,,.oo,,,,+,,,,,,,,,, ...#
*,,,,,ggo,,,,*********,*
##.###########*#g#,,,,,,,,* *,*
#............# #r#*,*****,* *,*
#.########.#.# #r#*,* *,*,* *,*
#.*,,,,,...#.###.#*,***,*,*****,*
#.*,***#####....@#*,,,,,*,,,,,,,*
#.*,,,,,,,,#..####*****,*********
#.********,#..# *<**,*
#.*,,,,,,,,#..# *,**,*
..*,*******#..# *,**,*
*,*,,,,,,,,#..# *,,,,*
*,********,#..# ****,*
*,,,,,,,,,,...# ***
***,,,,,*******


You could see 2 orc priests, 3 gnolls, an orc, a friendly hell rat and a
friendly river rat.

Vanquished Creatures
  Pikel (D:6)
  Sigmund (D:5)
  A wyvern (D:7)
  4 water moccasins
  A sky beast (D:6)
  2 orc warriors
  2 ice beasts
  2 ogres
  3 lemures (D:6)
  3 phantoms
  A kobold brigand (D:7)
  2 necrophages
  3 bullfrogs (D:7)
  3 scorpions
  A centaur zombie (Ossuary)
  2 human zombies (Ossuary)
  2 orc priests
  3 hounds
  3 iguanas
  6 orc wizards
  3 mummies
  7 gnolls
  9 adders
  A shadow imp (D:7)
  3 white imps
  2 ufetubi
  An adder zombie (Ossuary)
  5 worms
  A dart slug (D:4)
  19 orcs
  3 ball pythons
  7 endoplasms
  6 giant cockroaches
  8 goblins
  8 hobgoblins
  7 jackals
  4 quokkas (D:1)
  12 bats
  5 frilled lizards
  2 goblin zombies (Ossuary)
  11 hobgoblin zombies
  3 jackal zombies (Ossuary)
  9 kobolds
  10 kobold zombies
  8 orc zombies (Ossuary)
  3 rats
  A rat zombie (Ossuary)
204 creatures vanquished.

Vanquished Creatures (collateral kills)
  A gnoll sergeant (D:8)
  A jelly (D:4)
  2 orc wizards (D:4)
  A gnoll (D:5)
  4 orcs
  A ball python (D:1)
10 creatures vanquished.

Vanquished Creatures (others)
  A hound zombie (D:7)
  2 orc zombies (D:7)
  4 plants
7 creatures vanquished.

Grand Total: 221 creatures vanquished

Notes
Turn   | Place    | Note
-------+----------+-------------------------------------------
     0 | D:1      | gobodom the Demonspawn Necromancer began the quest for the
                  | Orb.
     0 | D:1      | Reached XP level 1. HP: 13/13 MP: 3/3
   466 | D:1      | Gained mutation: You are partially covered in sharp spines.
                  | [demonic ancestry]
   466 | D:1      | Reached XP level 2. HP: 19/19 MP: 1/5
   690 | D:1      | Found Banaistra's Antique Armour Boutique.
   719 | D:1      | Reached skill level 5 in Necromancy
  1159 | D:1      | Found a faded altar of an unknown god.
  1162 | D:1      | Prayed at the altar of an unknown god.
  1162 | D:1      | Became a worshipper of Sif Muna the Loreminder
  1162 | D:1      | Reached * piety under Sif Muna
  1521 | D:2      | Reached XP level 3. HP: 24/24 MP: 3/6
  1805 | D:2      | Reached ** piety under Sif Muna
  2551 | D:3      | Reached XP level 4. HP: 30/30 MP: 3/7
  2627 | D:3      | Identified the +2 leather armour "Paocvuuv" {Will++}
  2715 | D:3      | Learned a level 3 spell: Vampiric Draining
  3013 | D:3      | Found the +2 ratskin cloak {*Rats rPois rN+ Str-1 Int-1
                  | Dex+1}
  3600 | D:4      | Noticed an ogre
  3606 | D:4      | Killed an ogre
  3607 | D:4      | Reached skill level 6 in Necromancy
  3607 | D:4      | Gained mutation: You have a pair of small horns on your
                  | head. [demonic ancestry]
  3607 | D:4      | Reached XP level 5. HP: 35/35 MP: 1/10
  3950 | D:4      | Reached XP level 6. HP: 29/41 MP: 1/12
  3954 | D:4      | Reached *** piety under Sif Muna
  4236 | D:4      | Reached skill level 1 in Short Blades
  5177 | D:4      | Learned a level 4 spell: Animate Dead
  5337 | D:5      | Entered Level 5 of the Dungeon
  5567 | D:5      | Gained mutation: You are mostly covered in sharp spines.
                  | [demonic ancestry]
  5567 | D:5      | Reached XP level 7. HP: 40/46 MP: 14/14
  5624 | D:5      | Reached skill level 5 in Spellcasting
  5725 | D:5      | Reached skill level 1 in Invocations
  5760 | D:5      | Noticed Sigmund
  5766 | D:5      | Reached skill level 7 in Necromancy
  5782 | D:5      | Killed Sigmund
  5955 | D:5      | Reached skill level 1 in Armour
  6068 | D:5      | Reached XP level 8. HP: 52/52 MP: 16/16
  6431 | D:6      | Reached skill level 8 in Necromancy
  6431 | D:6      | Reached **** piety under Sif Muna
  6441 | D:6      | Found a staircase to the Ecumenical Temple.
  6555 | D:6      | Found a sand-covered staircase.
  6563 | Ossuary  | Entered an ossuary
  6861 | D:6      | Found a snail-covered altar of Cheibriados.
  7099 | D:6      | Gained mutation: You may rarely emit foul miasma when
                  | damaged in melee. [demonic ancestry]
  7099 | D:6      | Reached XP level 9. HP: 50/58 MP: 19/19
  7148 | D:6      | Noticed Pikel
  7149 | D:6      | Found Zaceakhy's Antique Weapon Shop.
  7189 | D:6      | Killed Pikel
  7190 | D:6      | Reached skill level 1 in Fighting
  8255 | D:7      | Reached ***** piety under Sif Muna
  8351 | D:7      | Reached skill level 9 in Necromancy
  9009 | D:7      | Reached skill level 5 in Short Blades
  9269 | D:8      | Killed from afar by an orc priest

Illustrated notes

Levels and vault maps discovered:
D:1:      wander_arrival_fairy_ring, layout_basic, serial_shops,
          nicolae_shop_behind_doors, shapermc_ecumenical_altar_mp_vishouse,
          minmay_misc_feat_cross
D:2:      layout_basic, minmay_statues_item, minmay_hexomino_u4
D:3:      layout_loops_cross, minmay_hedge_maze
D:4:      layout_basic, serial_bayou, serial_bayou_lagoon_a,
          serial_bayou_lake_a, serial_bayou_crossing, serial_bayou_ford_a
D:5:      layout_basic, uniq_sigmund
D:6:      layout_basic, mainiacjoe_overflow_divided_tiny,
          minmay_temple_entry_gardened_gates, nicolae_ossuary_entry_giza,
          serial_co_window_serial, co_window_corner_a, co_window_corner_a,
          co_window_paths_b, co_window_paths_b, co_window_paths_b,
          co_window_broadway_b, co_window_corner_b, co_window_cross_2,
          co_window_4corner_a, co_window_sun, glass_columns_b, glass_columns_a,
          serial_shops, shop, uniq_pikel
D:7:      layout_loops_ring
D:8:      layout_basic, nicolae_overflow_hidden_temple, enter_bailey_8,
          minivault_27

Skill      XL: |  1  2  3  4  5  6  7  8  9 |
---------------+----------------------------+-----
Necromancy     | 5 6 7 8 9 |  9.1
Stealth        | 2 3 |  3.6
Spellcasting   | 3 4 5 6 7 |  7.6
Dodging        | 2 3 |  3.6
Short Blades   | 1 3 5 |  5.0
Invocations    | 2 3 |  3.0
Armour         | 1 2 3 |  3.1
Fighting       | 2 |  2.1

Action                   |  1- 3 |  4- 6 |  7- 9 || total
-------------------------+-------+-------+-------++-------
Melee: Unarmed           |     4 |       |       ||     4
       Short sword       |    10 |    44 |   214 ||   268
       Headbutt          |       |     8 |    51 ||    59
       Punch             |       |       |     3 ||     3
 Cast: Necrotise         |    74 |   108 |    91 ||   273
       Vampiric Draining |       |     5 |     4 ||     9
       Animate Dead      |       |       |     7 ||     7
  Use: Scroll            |       |       |    24 ||    24
 Stab: Sleeping          |       |       |     5 ||     5
Armor: Robe              |     9 |    28 |       ||    37
       Leather armour    |       |     4 |    81 ||    85
Dodge: Dodged            |    14 |    28 |   106 ||   148

Table legend: (Time is in decaauts)
 A = Elapsed time spent in this place.
 B = Non-inter-level travel time spent in this place.
 C = Inter-level travel time spent in this place.
 D = Time resting spent in this place.
 E = Time spent auto-exploring this place.
 F = Levels seen in this place.
 G = Mean time per level.
                   A        B        C        D        E       F      G
               +--------+--------+--------+--------+--------+-----+--------+
         Total |   9326 |   8933 |    393 |     77 |   6922 |   9 | 1036.2 |
       Dungeon |   9094 |   8701 |    393 |     77 |   6874 |   8 | 1136.8 |
       Ossuary |    232 |    232 |      0 |      0 |     48 |   1 |  232.0 |
               +--------+--------+--------+--------+--------+-----+--------+

Top non-repeatable levels by time:
     D:4: 1919 daAuts
     D:6: 1387 daAuts
     D:1: 1330 daAuts
     D:2: 1217 daAuts
     D:7: 1184 daAuts
     D:5: 1015 daAuts
     D:3: 939 daAuts
 Ossuary: 232 daAuts
     D:8: 101 daAuts
